AoeStats
← Cr7juventus

Arena

508270984Analyzed
4v4 RM · 9d ago on Sep 21, 2026· 58m 11s· 8 players
Game mode
Random Map
Map size
Large (8 player)
Population
200
Speed
Normal
Resources
Standard
Victory
Conquest
Starting age
Dark Age
Ending age
Imperial Age
RankedLock teamsTeams togetherTeam positionsShared explorationLock speedFull tech treeHidden civsTurbo modeCheats
Victory
Defeat
🇲🇽 Mongols · Mexico
957
+12
🇳🇱 Georgians · Netherlands
946
+13
🇪🇸 Gurjaras · Spain
907
+14
🇫🇷 Khmer · France
888
+14
🇩🇪 Celts · Germany
907
-15
🇩🇪 Franks · Germany
869
-13
🇩🇪 Hindustanis · Germany
867
-13
🇩🇪 Khmer · Germany
830
-12
Kaparso
10:07 Feudal Age
16:21 Castle Age
16:41 Double-Bit Axe
17:44 Loom
18:32 Bow Saw
18:07 Horse Collar
24:17 Fletching
24:31 Padded Archer Armor
24:52 Heavy Plow
26:12 Wheelbarrow
30:09 Imperial Age
29:44 Leather Archer Armor
29:25 Bodkin Arrow
29:39 Scale Barding Armor
31:18 Conscription
34:24 Gold Mining
33:57 Elite Elephant Archer
35:04 Kshatriyas
36:27 Frontier Guards
36:30 Bloodlines
37:21 Husbandry
37:38 Elite Shrivamsha Rider
37:42 Heavy Camel Rider
40:44 Bracer
45:53 Ballistics
46:33 Caravan
57:42 Chemistry
56:53 Masonry
56:40 Murder Holes
prsdntsdghtr
11:11 Feudal Age
12:24 Loom
15:11 Castle Age
13:09 Horse Collar
13:23 Double-Bit Axe
13:36 Horse Collar
15:31 Wheelbarrow
16:47 Bow Saw
18:08 Heavy Plow
18:35 Heavy Plow
25:20 Hand Cart
25:35 Gold Mining
25:33 Town Watch
27:26 Forging
32:42 Imperial Age
30:25 Forging
30:20 Scale Barding Armor
30:21 Treadmill Crane
30:45 Pikeman
31:26 Squires
31:35 Squires
31:50 Murder Holes
32:05 Masonry
32:10 Fortified Wall
34:00 Conscription
33:04 Capped Ram
34:06 Halberdier
34:13 Halberdier
35:31 Iron Casting
34:56 Scale Mail Armor
34:34 Siege Ram
34:44 Siege Ram
39:21 Blast Furnace
38:37 Chain Mail Armor
38:42 Chain Barding Armor
38:42 Arson
44:13 Stone Mining
46:20 Stone Shaft Mining
47:03 Town Patrol
50:02 Bloodlines
49:52 Husbandry
49:13 Light Cavalry
51:22 Plate Mail Armor
51:28 Plate Barding Armor
51:29 Architecture
51:04 Siege Engineers
51:20 Ballistics
52:00 Chemistry
51:36 Caravan
51:15 Elite Monaspa
52:30 Hoardings
54:41 Aznauri Cavalry
54:41 Svan Towers
54:42 Aznauri Cavalry
54:57 Aznauri Cavalry
54:58 Svan Towers
54:26 Sappers
Cr7juventus
0:29 Loom
10:51 Feudal Age
15:46 Castle Age
13:55 Horse Collar
14:28 Double-Bit Axe
17:09 Bow Saw
17:03 Heavy Plow
17:01 Loom
21:49 Wheelbarrow
21:00 Town Watch
22:32 Stone Mining
22:33 Gold Mining
25:59 Stone Shaft Mining
26:04 Hand Cart
26:32 Gold Shaft Mining
27:20 Fortified Wall
27:26 Masonry
27:15 Murder Holes
31:09 Imperial Age
31:49 Ballistics
32:52 Hoardings
32:31 Elite Ballista Elephant
34:02 Double Crossbow
34:56 Caravan
39:04 Architecture
38:39 Siege Engineers
38:25 Guard Tower
39:36 Chemistry
38:27 Heated Shot
42:19 Devotion
45:11 Cavalier
45:51 Husbandry
46:57 Bloodlines
Mora
10:11 Feudal Age
14:52 Castle Age
13:41 Double-Bit Axe
14:43 Horse Collar
17:33 Loom
22:28 Bow Saw
22:56 Wheelbarrow
22:12 Town Watch
24:18 Heavy Plow
25:54 Gold Mining
25:58 Stone Mining
28:02 Gold Shaft Mining
28:04 Hand Cart
29:20 Stone Shaft Mining
29:54 Fletching
30:05 Padded Archer Armor
30:55 Bloodlines
30:48 Husbandry
31:56 Ballistics
34:10 Imperial Age
31:55 Town Patrol
34:05 Bloodlines
33:56 Husbandry
34:25 Bodkin Arrow
34:46 Leather Archer Armor
34:40 Thumb Ring
34:25 Onager
35:28 Conscription
34:37 Elite Mangudai
35:42 Drill
35:27 Bracer
35:35 Siege Engineers
36:31 Chemistry
36:28 Parthian Tactics
36:09 Scale Barding Armor
36:05 Scale Mail Armor
36:15 Forging
36:19 Siege Onager
38:17 Fortified Wall
38:02 Murder Holes
38:19 Masonry
38:42 Light Cavalry
38:48 Heavy Camel Rider
43:59 Iron Casting
43:39 Chain Mail Armor
43:45 Chain Barding Armor
47:03 Capped Ram
49:22 Siege Ram
oO COOLJT Oo
2:49 Loom
14:12 Feudal Age
18:01 Castle Age
19:42 Double-Bit Axe
22:21 Bow Saw
22:07 Horse Collar
26:57 Heavy Plow
29:13 Wheelbarrow
28:23 Town Watch
32:14 Imperial Age
32:52 Scale Barding Armor
32:48 Scale Mail Armor
32:59 Forging
32:51 Tusk Swords
32:59 Fletching
33:10 Padded Archer Armor
33:24 Husbandry
33:34 Bloodlines
33:55 Hand Cart
33:40 Town Patrol
34:07 Ballistics
34:12 Chain Barding Armor
33:26 Crossbowman
34:47 Elite Battle Elephant
35:55 Gold Mining
35:56 Stone Mining
35:59 Elite Skirmisher
37:10 Arbalester
42:25 Heavy Scorpion
45:36 Double Crossbow
45:58 Conscription
52:11 Light Cavalry
52:13 Cavalier
MandleMagenbrot
1:56 Loom
10:20 Feudal Age
11:01 Double-Bit Axe
11:23 Town Watch
12:34 Gold Mining
13:25 Stone Mining
21:55 Castle Age
20:35 Scale Mail Armor
21:02 Padded Archer Armor
21:45 Fletching
22:52 Crossbowman
24:00 Bow Saw
25:13 Gold Shaft Mining
29:02 Wheelbarrow
34:11 Imperial Age
32:22 Pikeman
33:35 Squires
34:25 Husbandry
34:49 Cavalier
36:10 Forging
38:23 Hand Cart
37:37 Halberdier
38:36 Chivalry
39:11 Scale Barding Armor
39:42 Iron Casting
41:07 Chain Barding Armor
41:04 Chain Mail Armor
43:15 Plate Barding Armor
45:05 Hoardings
44:51 #83
43:52 Elite Throwing Axeman
44:53 Conscription
44:52 Arson
45:18 Onager
47:29 Blast Furnace
47:00 Plate Mail Armor
47:48 Paladin
52:20 Fortified Wall
52:39 Ballistics
53:26 Elite Skirmisher
54:25 Bodkin Arrow
54:45 Leather Archer Armor
56:54 Light Cavalry
57:58 Light Cavalry
aupaathletic
0:27 Loom
9:46 Feudal Age
10:40 Double-Bit Axe
11:13 Horse Collar
13:30 Wheelbarrow
20:30 Castle Age
19:08 Scale Mail Armor
19:16 Gold Mining
19:32 Stone Mining
19:38 Town Watch
21:53 Bow Saw
22:30 Heavy Plow
22:17 Pikeman
23:00 Elite Skirmisher
24:45 Gold Shaft Mining
26:17 Hand Cart
33:30 Imperial Age
31:16 Stronghold
31:49 Forging
32:07 Ballistics
31:58 Fortified Wall
33:48 Sanctity
33:42 Fervor
33:43 Heavy Scorpion
33:49 Halberdier
38:33 Conscription
42:31 Chain Mail Armor
42:51 Iron Casting
42:22 Scale Barding Armor
42:17 Padded Archer Armor
42:08 Fletching
43:48 Plate Mail Armor
43:16 Heated Shot
46:41 Light Cavalry
52:42 Furor Celtica
56:27 Chain Barding Armor
coolsymbios
11:04 Feudal Age
11:30 Double-Bit Axe
11:39 Horse Collar
12:01 Gold Mining
12:04 Stone Mining
15:55 Wheelbarrow
20:00 Castle Age
18:21 Forging
18:55 Scale Barding Armor
19:20 Fletching
20:50 Bow Saw
30:16 Imperial Age
28:52 Chain Barding Armor
29:07 Ballistics
30:09 Iron Casting
30:03 Hand Cart
29:35 Town Watch
29:36 Pikeman
29:40 Elite Skirmisher
30:18 Bodkin Arrow
32:06 Chemistry
30:39 Heavy Camel Rider
33:41 Blast Furnace
33:17 Plate Barding Armor
34:27 Caravan
37:43 Imperial Camel Rider
40:50 Man-at-Arms
Connection lost

Rejoining the realm…

Still unreachable

The connection could not be restored.

Session expired

The server has moved on; the page needs a fresh start.